Map: Lightshade LE

Players

Erik - Winner!

  • Race: Zerg Zerg
  • League: Master

Kelazhur

  • Race: Terran Terran

Event: DreamHack SC2 Masters 2021 Summer

VOD

Have the link to the VOD?

Description

Time

  • Played on: May 30, 2021, 5:56 p.m.
  • Length: 19:31

All games in this series

Show
View Real Time Build Order
Export as new Build Order

Erik Zerg - Winner!

Build Orders: Hatch First, Lurkers 

Get SALT Encoding   

  12  0:00  Drone  
  13  0:08  Drone  
  14  0:15  Extractor, Drone  
  15  0:37  Hatchery  
  15  0:41  Extractor  
  15  0:42  Drone  
  15  0:48  Overlord  
  15  1:03  Spawning Pool  
  14  1:06  Drone  
  14  1:10  Drone  
  16  1:13  Drone  
  16  1:18  Drone  
  18  1:27  Extractor  
  18  1:28  Drone  
  18  1:40  Drone  
  19  1:49  Queen x2  
  19  1:50  Zergling x2  
  19  1:53  Drone  
  25  2:01  Drone  
  26  2:02  Drone  
  27  2:16  Hatchery  
  27  2:21  Overlord  
  26  2:25  Extractor  
  25  2:32  Drone x2  
  28  2:42  Drone x3  
  31  2:44  Metabolic Boost  
  31  2:49  Overlord  
  31  2:52  Drone  
  31  2:56  Drone x2  
  34  3:01  Drone x2  
  34  3:02  Drone  
  36  3:08  Queen  
  38  3:15  Overlord  
  38  3:16  Drone  
  38  3:17  Drone  
  40  3:24  Drone  
  41  3:28  Queen  
  41  3:29  Drone x2  
  41  3:33  Drone  
  41  3:34  Drone  
  47  3:35  Zergling x4  
  47  3:38  Zergling x2  
  47  3:40  Drone  
  51  3:44  Overlord  
  51  3:48  Spore Crawler  
  51  3:49  Queen  
  52  3:55  Overlord  
  52  3:57  Drone x2  
  52  3:59  Drone  
  55  4:05  Drone x2  
  55  4:06  Drone, Roach Warren  
  57  4:13  Queen  
  55  4:22  Drone x7  
  54  4:27  Drone  
  54  4:28  Drone  
  56  4:32  Spore Crawler  
  56  4:37  Spore Crawler  
  52  4:39  Drone x3  
  52  4:43  Zergling x6  
  52  4:45  Zergling x2  
  59  4:54  Drone x6  
  59  4:58  Overlord  
  65  5:09  Drone  
  65  5:10  Lair  
  65  5:11  Overlord  
  65  5:13  Extractor x2  
  64  5:15  Extractor  
  64  5:16  Overlord  
  64  5:18  Drone x4  
  67  5:24  Drone x7  
  74  5:33  Evolution Chamber  
  73  5:35  Evolution Chamber  
  73  5:36  Roach x4  
  80  5:43  Overlord  
  80  5:45  Drone x3  
  80  5:46  Drone  
  84  5:55  Drone x2  
  86  6:02  Spore Crawler  
  83  6:05  Extractor  
  83  6:06  Extractor  
  79  6:12  Overseer  
  79  6:14  Hatchery  
  79  6:15  Drone x2  
  79  6:16  Drone x9  
  87  6:21  Zerg Missile Weapons Level 1, Zerg Ground Armor Level 1  
  87  6:28  Drone x5  
  91  6:44  Overlord  
  91  6:46  Glial Reconstitution  
  91  6:49  Overlord  
  91  6:53  Roach x3  
  97  6:56  Overlord x3  
  97  6:57  Overlord  
  97  7:05  Roach  
  97  7:06  Roach x2  
  103  7:13  Roach  
  103  7:14  Roach x2  
  109  7:18  Roach x3  
  115  7:30  Drone x9  
  115  7:35  Hydralisk Den, Infestation Pit  
  122  7:44  Roach x9  
  128  7:50  Zergling x8  
  144  7:58  Extractor  
  144  7:59  Extractor  
  144  8:01  Overlord  
  144  8:03  Drone x3  
  145  8:05  Overlord  
  145  8:15  Pathogen Glands  
  145  8:17  Drone  
  145  8:18  Spore Crawler  
  145  8:19  Overlord  
  144  8:21  Spore Crawler, Roach x7  
  144  8:22  Overlord, Roach  
  144  8:23  Overlord x4  
  159  8:31  Infestor x3  
  164  8:43  Pneumatized Carapace  
  164  8:44  Zerg Melee Weapons Level 1, Zerg Missile Weapons Level 2  
  162  8:48  Overlord  
  162  8:51  Overlord  
  162  8:55  Hive  
  161  8:57  Roach  
  161  8:58  Roach x7  
  177  9:05  Ravager x4  
  177  9:06  Zergling x20  
  183  9:22  Roach x9  
  158  9:44  Roach x14  
  162  9:46  Ravager  
  162  9:47  Ravager x3  
  162  9:51  Queen  
  168  9:53  Zergling x8  
  171  10:05  Zergling x2  
  171  10:06  Zergling x6  
  165  10:13  Muscular Augments  
  151  10:14  Lurker Den  
  151  10:20  Viper x2  
  156  10:23  Drone x4  
  156  10:24  Drone  
  161  10:33  Hydralisk x6  
  173  10:38  Overseer  
  173  10:44  Hydralisk  
  173  10:45  Hydralisk x3  
  181  10:52  Hatchery  
  181  10:54  Zergling x16  
  188  11:04  Zerg Melee Weapons Level 2, Burrow  
  188  11:06  Zerg Missile Weapons Level 3  
  188  11:10  Overlord  
  183  11:25  Grooved Spines  
  182  11:34  Lurker x6  
  182  11:36  Hatchery  
  187  11:42  Seismic Spines  
  182  11:48  Hydralisk x3  
  188  11:56  Hydralisk  
  188  11:57  Hydralisk x3  
  196  12:03  Zergling x6  
  199  12:10  Extractor  
  199  12:14  Extractor  
  187  12:45  Hydralisk x12  
  160  13:07  Zergling x50  
  174  13:14  Zergling x4  
  147  13:30  Hydralisk x6  
  117  13:43  Lurker x7  
  117  13:44  Viper  
  127  13:51  Extractor  
  127  13:52  Hydralisk x8  
  142  13:58  Hatchery  
  142  13:59  Zergling x2  
  142  14:00  Zergling x6  
  145  14:04  Spore Crawler  
  145  14:06  Spore Crawler  
  142  14:10  Lurker  
  142  14:11  Lurker x2  
  142  14:15  Drone x3  
  142  14:16  Drone x3  
  151  14:21  Hydralisk  
  151  14:22  Hydralisk  
  155  14:26  Adaptive Talons  
  149  14:32  Hydralisk  
  149  14:33  Hydralisk x3  
  157  14:42  Zergling x14  
  159  14:56  Zergling x8  
  163  15:00  Lurker x5  
  163  15:05  Hydralisk  
  163  15:06  Hydralisk x2  
  144  15:22  Hydralisk x8  
  147  15:29  Zergling x20  
  157  15:43  Hydralisk x9  
  175  15:56  Hydralisk  
  173  15:57  Hydralisk x4  
  177  16:07  Zergling x16  
  185  16:13  Hydralisk x2  
  170  16:48  Zergling x36  
  171  16:59  Hydralisk  
  171  17:00  Hydralisk x4  
  156  17:16  Hydralisk x4  
  160  17:27  Hydralisk x4  
  142  17:43  Lurker x4  
  146  17:50  Lurker x4  
  146  17:51  Lurker  
  142  17:54  Overseer x2  
  142  17:55  Overseer  
  142  17:56  Hatchery  
  135  18:03  Hydralisk  
  135  18:04  Hydralisk  
  139  18:15  Zergling x12  
  139  18:16  Zergling x6  
  120  18:24  Zergling x8  
  120  18:25  Zergling x2  
  118  18:50  Hatchery  
  98  19:00  Hydralisk x5  
Show
View Real Time Build Order
Export as new Build Order

Kelazhur Terran 

Build Orders: Reaper Expand, Hellion Banshee 

Get SALT Encoding   

  12  0:00  SCV  
  13  0:12  SCV  
  14  0:16  Supply Depot  
  14  0:24  SCV  
  15  0:38  SCV  
  15  0:40  Barracks  
  16  0:43  Refinery  
  16  0:50  SCV  
  17  1:02  SCV  
  18  1:14  SCV  
  19  1:27  Orbital Command, Reaper  
  20  1:38  Command Center  
  20  1:45  Supply Depot  
  20  1:52  SCV  
  21  1:59  Marine  
  22  2:03  Factory  
  22  2:05  SCV  
  23  2:09  Refinery  
  23  2:17  SCV  
  23  2:20  Barracks Reactor  
  24  2:29  SCV  
  25  2:41  SCV  
  25  2:53  SCV  
  26  2:58  Starport  
  26  3:03  Orbital Command  
  26  3:05  SCV  
  26  3:07  Hellion x2  
  26  3:09  Barracks Tech Lab  
  30  3:17  SCV  
  31  3:29  SCV, Hellion x2  
  31  3:30  SCV  
  37  3:35  Supply Depot  
  37  3:41  SCV  
  37  3:42  SCV, Cloaking Field, Banshee  
  42  3:53  SCV  
  42  3:55  Hellion  
  45  3:56  SCV  
  45  3:57  Hellion  
  48  4:03  Supply Depot  
  48  4:06  SCV  
  48  4:08  SCV  
  50  4:21  SCV, Hellion x2  
  49  4:27  Command Center  
  49  4:28  Banshee  
  49  4:30  SCV  
  51  4:36  SCV  
  52  4:38  Barracks Tech Lab  
  52  4:45  SCV  
  52  4:49  SCV, Barracks  
  52  4:52  Supply Depot  
  54  4:53  Barracks, Factory Reactor  
  54  4:58  SCV  
  55  5:01  SCV  
  55  5:02  Engineering Bay  
  55  5:03  Engineering Bay  
  56  5:10  Refinery, SCV  
  56  5:11  Refinery, Marine  
  56  5:12  Stimpack  
  56  5:13  SCV  
  59  5:21  Starport Reactor  
  59  5:22  SCV  
  59  5:25  SCV  
  61  5:30  Terran Infantry Armor Level 1, Terran Infantry Weapons Level 1  
  61  5:31  Marine  
  61  5:34  SCV  
  63  5:37  SCV  
  63  5:40  Orbital Command  
  64  5:43  Marine x2  
  64  5:46  SCV  
  64  5:49  SCV  
  64  5:53  Marine  
  65  5:57  Barracks  
  65  5:58  SCV, Barracks  
  65  6:01  SCV, Marine x2  
  69  6:05  Orbital Command, Marine x2  
  69  6:07  Medivac x2  
  69  6:10  SCV  
  76  6:11  Marine  
  76  6:13  SCV  
  76  6:15  Siege Tank  
  81  6:19  Marine x2  
  81  6:20  Supply Depot  
  81  6:22  SCV  
  81  6:23  Marine  
  85  6:30  Supply Depot  
  85  6:35  Supply Depot  
  85  6:41  Marine x2  
  85  6:42  SCV x3, Marine x3  
  85  6:43  Armory  
  85  6:46  Barracks Reactor  
  85  6:47  Barracks Reactor  
  93  6:51  Combat Shield  
  93  6:54  SCV x2  
  93  6:57  Siege Tank  
  93  6:58  SCV  
  93  6:59  Marine x2, Supply Depot  
  93  7:00  Marine  
  102  7:06  Marine x2  
  104  7:08  SCV  
  104  7:10  SCV  
  104  7:12  Refinery  
  106  7:16  Medivac  
  106  7:17  Marine  
  106  7:21  Marine x2, Medivac  
  113  7:23  Factory  
  113  7:29  Marine, Siege Tank  
  115  7:30  Terran Infantry Weapons Level 2, Marine x2  
  115  7:34  Supply Depot  
  115  7:36  Marine x4  
  117  7:37  SCV x3  
  117  7:38  Refinery  
  117  7:42  Marine  
  117  7:43  Terran Infantry Armor Level 2  
  125  7:55  Marine x4  
  125  7:56  SCV  
  125  7:58  Marine x2, Supply Depot  
  132  7:59  Marine  
  133  8:07  Sensor Tower  
  133  8:14  Marine  
  133  8:16  Supply Depot  
  133  8:19  Marine x3, Medivac x2  
  141  8:20  SCV, Supply Depot  
  141  8:26  Factory Tech Lab  
  141  8:32  Supply Depot  
  141  8:34  Supply Depot  
  141  8:37  SCV x2, Marine x3, Siege Tank  
  149  8:41  Marine x4  
  149  8:45  Marine x2  
  154  8:51  Siege Tank  
  154  8:55  Marine, Command Center  
  158  8:59  Medivac x2  
  161  9:02  Supply Depot  
  161  9:05  Marine x2  
  161  9:06  Supply Depot  
  161  9:08  Marine  
  164  9:16  Supply Depot  
  158  9:18  Marauder  
  158  9:20  Marine  
  159  9:29  Medivac x2  
  159  9:30  Siege Tank  
  155  9:33  Marine  
  155  9:35  Marine  
  145  9:39  Siege Tank  
  145  9:44  Marine  
  145  9:45  Marine x6  
  147  9:51  Marine  
  148  9:52  Barracks  
  148  9:53  Barracks, Marine  
  148  9:55  Barracks  
  148  9:59  Medivac x2  
  153  10:02  SCV, Siege Tank  
  141  10:11  Marine x5  
  136  10:14  Siege Tank  
  136  10:17  Marauder, Marine x3  
  144  10:21  SCV x2  
  144  10:22  SCV  
  144  10:27  Terran Infantry Armor Level 3  
  144  10:29  Marine x4  
  144  10:34  Missile Turret  
  148  10:36  Terran Infantry Weapons Level 3  
  148  10:38  SCV x2  
  150  10:44  Siege Tank  
  150  10:46  Barracks Tech Lab x2  
  150  10:47  Barracks Tech Lab, Marine x3, Terran Vehicle Weapons Level 1  
  156  10:50  Siege Tank  
  156  10:55  SCV x3  
  162  10:57  Marine, Sensor Tower  
  162  10:58  Marauder, Marine  
  162  10:59  Marine  
  167  11:06  Planetary Fortress  
  167  11:07  SCV x2  
  169  11:17  Marine x9  
  178  11:19  Marauder  
  180  11:26  Siege Tank  
  180  11:29  Command Center  
  180  11:30  Marauder, Medivac  
  180  11:31  Marine, Medivac  
  190  11:34  Marine, Siege Tank  
  190  11:35  Marine  
  195  11:40  Marine  
  195  11:41  Marauder, Marine x2  
  195  11:46  Barracks Tech Lab  
  198  11:47  Factory  
  198  11:56  Marauder  
  200  12:08  Ghost Academy  
  200  12:14  Marauder  
  200  12:15  Marine, Command Center  
  198  12:16  Concussive Shells  
  198  12:19  Marauder  
  198  12:21  Marauder  
  197  12:41  Marauder, Marine  
  195  12:44  Siege Tank  
  195  12:45  Marauder, Marine  
  195  12:46  Marine  
  195  12:48  Marine  
  197  12:54  Orbital Command  
  194  12:59  Marauder, Marine x5, Siege Tank  
  194  13:03  Marauder  
  194  13:04  Terran Vehicle Weapons Level 2, Marauder  
  194  13:05  Marine  
  191  13:06  Marine x3  
  191  13:10  Medivac x2  
  196  13:16  Marine  
  196  13:17  Siege Tank  
  192  13:30  Marauder  
  192  13:31  Marine  
  192  13:32  Marine, Siege Tank  
  192  13:34  Marine  
  175  13:35  Orbital Command  
  175  13:38  Marine x8  
  175  13:40  Medivac x2  
  165  13:48  Orbital Command  
  165  13:49  Marine, Siege Tank  
  165  13:50  Marine  
  165  13:51  Marauder  
  172  13:57  Marauder x2  
  172  14:00  Marine  
  177  14:04  Siege Tank  
  177  14:06  Marine x6  
  177  14:07  Marine  
  187  14:10  Marine  
  187  14:15  Sensor Tower  
  188  14:17  Missile Turret  
  188  14:18  Marauder, Marine  
  188  14:19  Marauder x2  
  188  14:21  Siege Tank  
  188  14:24  Marine x2  
  198  14:27  SCV  
  198  14:36  Marauder  
  198  14:38  Command Center  
  200  14:40  Enhanced Shockwaves  
  190  14:49  Refinery, Ghost x3  
  190  14:50  Marine x3  
  190  14:51  Refinery, Marine  
  196  14:52  Marine  
  196  14:55  Marine  
  196  14:57  Command Center  
  197  15:06  Ghost  
  184  15:15  Medivac  
  184  15:18  Marine x9  
  184  15:19  Marine x2  
  165  15:31  Missile Turret  
  165  15:35  Marauder  
  167  15:36  Marine x3  
  167  15:37  Marauder x2  
  167  15:39  Ghost  
  167  15:40  Marine  
  167  15:41  Marine x4  
  178  15:45  SCV x2  
  178  15:46  SCV  
  181  15:54  Marine x3  
  181  15:56  Marauder  
  184  15:59  Refinery x2  
  184  16:03  Marauder x2  
  172  16:05  Siege Tank  
  172  16:07  Factory Tech Lab  
  175  16:18  Ghost  
  171  16:29  Ghost x2  
  168  16:36  Siege Tank  
  159  16:52  Marauder x2  
  143  16:57  Ghost  
  143  16:59  Marine  
  137  17:06  Marine  
  137  17:07  Marauder, Marine x6  
  142  17:13  Marine  
  142  17:14  Marauder  
  145  17:17  Orbital Command, Marine  
  130  17:56  Command Center  
  130  18:01  Command Center  
  128  18:13  Orbital Command  
  128  18:15  Marine x2  
  128  18:16  Marauder, Marine x3  
  128  18:17  Marauder, Marine x3  
  128  18:18  Marine x2  
  108  18:25  Siege Tank  
  101  18:34  Marauder  
  93  18:35  Marauder  
  93  18:37  Marauder, Marine  
  93  18:38  Marine  
  99  18:53  Marine  
Tags
 
Add a new tag
Caveats
  • Supply blocks, unpowered buildings, or Contaminate may cause inaccurate times.
  • Supply counts are checked every 10 seconds.